 Dungeon Crawl Stone Soup version 0.31-a0-1178-gc5c9b8f871 (webtiles) character file.

Game seed: 16353733768360518426

1764 qw the Skirmisher (level 9, -4/55 HPs)
             Began as a Gargoyle Hunter on Dec 11, 2023.
             Was a Believer of Okawaru.
             Slain by a cyclops (17 damage)
             ... on level 7 of the Dungeon.
             The game lasted 00:02:16 (6199 turns).

qw the Skirmisher (Gargoyle Hunter)                 Turns: 6199, Time: 00:02:16

Health: -4/55      AC: 13    Str: 15    XL:     9   Next: 7%
Magic:  12/12      EV: 12    Int: 10    God:    Okawaru [**....]
Gold:   355        SH:  0    Dex: 17    Spells: 8/8 levels left

rFire   . . .        a - +1 shortbow
rCold   . . .        (shield currently unavailable)
rNeg    + . .        c - +1 leather armour
rPois   inf          (no helmet)
rElec   +            (no cloak)
rCorr   .            d - +1 pair of gloves
SInv    .            g - +0 pair of boots
Will    .....        (no amulet)
Stlth   ++           (no ring)
HPRegen 0.29/turn    (no ring)
MPRegen 0.13/turn

%: no passive effects
@: about to teleport
A: sickness immunity, AC +6, negative energy resistance 1, electricity
resistance, torment resistance 1, petrification resistance
a: Renounce Religion, Heroism


You were on level 7 of the Dungeon.
You worshipped Okawaru.
Okawaru was pleased with you.
You visited 1 branch of the dungeon, and saw 7 of its levels.

You collected 355 gold pieces.


Innate Abilities, Weirdness & Mutations

You are immune to sickness and miasma.
Your stone body is resilient. (AC +6)
You are immune to poison.
You resist negative energy. (rN+)
You are resistant to electric shocks. (rElec)
You are resistant to unholy torment.
You are immune to petrification.


   Skills:
 - Level 6.0 Fighting
 + Level 9.5 Ranged Weapons
 - Level 2.3 Armour
 - Level 2.4 Dodging
 - Level 1.1 Stealth
 - Level 4.1 Invocations


You had 8 spell levels left.
You didn't know any spells.
Your spell library was empty.

Inventory:

Hand Weapons
 a - a +1 shortbow (weapon)
Armour
 c - a +1 leather armour (worn)
 d - a +1 pair of gloves (worn)
 g - a +0 pair of boots (worn)
Wands
 h - a wand of quicksilver (11)
 k - a wand of roots (15)
 m - a wand of mindburst (22)
Scrolls
 b - a scroll of identify
 f - a scroll of teleportation
Potions
 e - a potion of cancellation
 i - a potion of heal wounds
 j - 3 potions of curing

Dungeon Overview and Level Annotations

Branches:
Dungeon (7/15)             Temple (0/1) D:4

Altars:
Fedhas
Gozag
Nemelex Xobeh
Okawaru
Trog

Shops:
D:4 (   D:6 :

Annotations:
D:2 1 runed translucent door, Crazy Yiuf


Message History

You shoot an arrow. The arrow barely misses the gnoll.
The gnoll closely misses you.
You shoot an arrow. The arrow hits the gnoll!
The gnoll is severely wounded.
The gnoll closely misses you.
You shoot an arrow.
The arrow hits the gnoll but does no damage.
The gnoll is heavily wounded.
The gnoll hits you with a +0 whip.
You shoot an arrow. The arrow hits the gnoll!
You kill the gnoll!
Okawaru accepts your kill.
You shoot an arrow. The arrow hits the cyclops!
The cyclops is lightly wounded.
The cyclops hits you!
You shoot an arrow.
The arrow hits the cyclops but does no damage.
The cyclops is lightly wounded.
The cyclops misses you.
You shoot an arrow.
The arrow hits the cyclops but does no damage.
The cyclops is lightly wounded.
You shoot an arrow.
The arrow hits the cyclops but does no damage.
The cyclops is lightly wounded.
The cyclops hits you.
You shoot an arrow.
The arrow hits the cyclops but does no damage.
The cyclops is lightly wounded.
You shoot an arrow. The arrow hits the cyclops.
The cyclops is moderately wounded.
The cyclops completely misses you.
You shoot an arrow. The arrow hits the cyclops!
The cyclops is heavily wounded.
The cyclops hits you!
6199 ||| READING 2 scrolls of teleportation.
As you read the scroll of teleportation, it crumbles to dust.
You feel strangely unstable. The cyclops hits you!
You die...

#.##.##.#
#.##.##.########
#..............#
####.##.######.#
#.##.# .#
#.##.######.####..
#..............
#..#####C..)...
#......@#
##.####.# .... ..#
###.####.# #.# #..
#.. ... ### #..#
#..#


You could see a cyclops.

Vanquished Creatures
  Prince Ribbit (D:5)
  Sigmund (D:5)
  A water moccasin (D:5)
  An ice beast (D:5)
  A black bear (D:4)
  A phantom (D:4)
  2 bullfrogs
  2 scorpions (D:5)
  2 howler monkeys
  A jelly (D:6)
  An orc priest (D:5)
  2 gnoll boudas (D:7)
  2 hounds
  Jessica (D:2)
  3 iguanas
  4 orc wizards
  Natasha (twice) (D:2)
  10 gnolls
  7 adders
  A white imp (D:6)
  3 worms
  3 dart slugs
  23 orcs
  3 ball pythons
  3 bats
  13 endoplasms
  5 giant cockroaches
  6 goblins
  9 hobgoblins
  2 jackals (D:1)
  7 kobolds
  8 quokkas
  7 frilled lizards
  9 rats
147 creatures vanquished.

Notes
Turn   | Place    | Note
-------+----------+-------------------------------------------
     0 | D:1      | qw the Gargoyle Hunter began the quest for the Orb.
     0 | D:1      | Reached XP level 1. HP: 12/12 MP: 1/1
     0 | D:1      | 0 ||| qw: Version: 0.3-a-106-g2cfff9e
     0 | D:1      | 0 ||| qw: Game counter: 1982
     0 | D:1      | 0 ||| qw: Melee chars always use a shield: true
     0 | D:1      | 0 ||| qw: God list: Okawaru
     0 | D:1      | 0 ||| qw: Allow faded altars: false
     0 | D:1      | 0 ||| qw: Do Orc after clearing Dungeon:15 true
     0 | D:1      | 0 ||| qw: Do second Lair branch before Depths: true
     0 | D:1      | 0 ||| qw: Lair rune preference: random
     0 | D:1      | 0 ||| qw: Goals: Normal, Save, Zot:1-4, Win
     0 | D:1      | 0 ||| PLANNING D:1-11
   251 | D:1      | Reached XP level 2. HP: 16/17 MP: 2/2
   622 | D:1      | Reached XP level 3. HP: 21/21 MP: 3/3
   651 | D:1      | Reached skill level 5 in Ranged Weapons
   910 | D:1      | 910 ||| READING scroll labelled LAIFYECA QUOKK.
   910 | D:1      | 910 ||| ENCHANTING +0 shortbow.
   911 | D:1      | 911 ||| READING scroll labelled SEYZUSANGO.
   911 | D:1      | 911 ||| IDENTIFYING blue potion
   912 | D:1      | 912 ||| READING scroll labelled SOAREADGHUI.
   913 | D:1      | 913 ||| READING scroll labelled ZESARPH QIMOPS.
   914 | D:1      | 914 ||| READING 3 scrolls labelled LAAVVEAR XYEWK.
  1015 | D:1      | 1015 ||| DROPPING scroll of butterflies.
  1016 | D:1      | 1016 ||| DROPPING 2 scrolls of vulnerability.
  1138 | D:2      | Noticed Natasha
  1144 | D:2      | Killed Natasha
  1145 | D:2      | Reached skill level 3 in Fighting
  1145 | D:2      | Reached XP level 4. HP: 21/28 MP: 4/4
  1301 | D:2      | You fall into a shaft and drop 1 floor!
  1500 | D:3      | 1500 ||| READING 2 scrolls of identify.
  1500 | D:3      | 1500 ||| IDENTIFYING dark potion
  1501 | D:3      | 1501 ||| READING scroll of identify.
  1501 | D:3      | 1501 ||| IDENTIFYING fizzy ruby potion
  1502 | D:3      | 1502 ||| READING scroll labelled FIFUSE REIFF.
  1502 | D:3      | 1502 ||| ENCHANTING +0 leather armour.
  1503 | D:3      | 1503 ||| READING scroll labelled UGOCIDGHITECI.
  1504 | D:3      | 1504 ||| DROPPING potion of lignification.
  1633 | D:2      | Reached XP level 5. HP: 32/32 MP: 5/5
  1650 | D:2      | Found a blossoming altar of Fedhas.
  1652 | D:2      | Noticed Jessica
  1655 | D:2      | Killed Jessica
  1656 | D:2      | Reached skill level 6 in Ranged Weapons
  1786 | D:2      | Noticed Natasha
  1794 | D:2      | Killed Natasha
  1830 | D:2      | Found a runed translucent door.
  1831 | D:2      | Noticed Crazy Yiuf
  2049 | D:2      | 2049 ||| DROPPING ring of wizardry.
  2050 | D:2      | 2050 ||| READING scroll of identify.
  2050 | D:2      | 2050 ||| IDENTIFYING emerald potion
  2051 | D:2      | 2051 ||| DROPPING potion of ambrosia.
  2326 | D:3      | Found a sparkling altar of Nemelex Xobeh.
  2336 | D:3      | Found a bloodstained altar of Trog.
  2422 | D:3      | Reached XP level 6. HP: 27/38 MP: 6/6
  2682 | D:4      | 2682 ||| PLANNING SEWER
  2682 | D:4      | Found an iron altar of Okawaru.
  3087 | D:4      | Reached skill level 7 in Ranged Weapons
  3090 | D:4      | Found a staircase to the Ecumenical Temple.
  3250 | D:4      | Found Vuylauloi's Weapon Boutique.
  3250 | D:4      | Noticed a +0 giant club
  3250 | D:4      | Noticed a +0 lajatang
  3253 | D:4      | Noticed a black bear
  3254 | D:4      | 3254 ||| UPGRADING to +0 pair of gloves.
  3268 | D:4      | Killed a black bear
  3269 | D:4      | Reached XP level 7. HP: 19/43 MP: 7/7
  3438 | D:4      | 3438 ||| RIP SEWER
  3439 | D:4      | 3439 ||| PLANNING OKAWARU WORSHIP
  3446 | D:4      | 3446 ||| READING 2 scrolls of identify.
  3446 | D:4      | 3446 ||| IDENTIFYING scroll labelled BOLISO COOT
  3541 | D:4      | Became a worshipper of Warmaster Okawaru
  3542 | D:4      | 3542 ||| PLANNING D:1-11
  3653 | D:4      | Found an opulent altar of Gozag.
  3834 | D:5      | Entered Level 5 of the Dungeon
  3916 | D:5      | 3916 ||| DRINKING potion of curing.
  3916 | D:5      | 3916 ||| (to cure confusion)
  3989 | D:5      | Reached * piety under Okawaru
  3990 | D:5      | Reached skill level 8 in Ranged Weapons
  3992 | D:5      | 3992 ||| Stepping ~*~*~tactically~*~*~ (retreating).
  3998 | D:5      | 3998 ||| FLEEEEING.
  3999 | D:5      | 3999 ||| FLEEEEING.
  4004 | D:5      | 4004 ||| FLEEEEING.
  4005 | D:5      | 4005 ||| FLEEEEING.
  4006 | D:5      | 4006 ||| FLEEEEING.
  4007 | D:5      | 4007 ||| FLEEEEING.
  4021 | D:5      | Reached skill level 1 in Invocations
  4021 | D:5      | Reached XP level 8. HP: 14/48 MP: 8/8
  4026 | D:5      | HP: 12/48 [suicidal targeting (4)]
  4221 | D:5      | Noticed Sigmund
  4225 | D:5      | 4225 ||| FLEEEEING.
  4226 | D:5      | 4226 ||| FLEEEEING.
  4227 | D:5      | 4227 ||| FLEEEEING.
  4248 | D:5      | Killed Sigmund
  4373 | D:5      | 4373 ||| STAIRDANCE
  4380 | D:4      | 4380 ||| READING scroll of identify.
  4380 | D:4      | 4380 ||| IDENTIFYING scroll labelled TASE ISAJIE
  4381 | D:4      | 4381 ||| DROPPING scroll of amnesia.
  4411 | D:5      | Noticed Prince Ribbit
  4422 | D:5      | 4422 ||| RETREEAATING.
  4423 | D:5      | 4423 ||| STILL RETREEAATING.
  4431 | D:5      | Reached skill level 3 in Invocations
  4437 | D:5      | Killed Prince Ribbit
  4845 | D:5      | Reached skill level 9 in Ranged Weapons
  4955 | D:5      | 4955 ||| UPGRADING to +0 pair of boots.
  4960 | D:5      | 4960 ||| READING scroll of identify.
  4960 | D:5      | 4960 ||| IDENTIFYING cyan potion
  4961 | D:5      | 4961 ||| READING scroll labelled VURYPL QIRGHEN.
  5346 | D:6      | Found Kecat's Vocational Training.
  5481 | D:6      | Reached skill level 6 in Fighting
  5597 | D:6      | Identified the +1 robe of Wutomuv {Rampage rCorr Int+3}
  5712 | D:6      | 5712 ||| READING scroll of enchant armour.
  5712 | D:6      | 5712 ||| ENCHANTING +0 pair of gloves.
  5996 | D:6      | 5996 ||| DROPPING +1 robe of Wutomuv {Rampage rCorr Int+3}.
  6153 | D:7      | Reached XP level 9. HP: 55/55 MP: 12/12
  6168 | D:7      | Noticed a cyclops
  6169 | D:7      | 6169 ||| Stepping ~*~*~tactically~*~*~ (retreating).
  6177 | D:7      | Reached ** piety under Okawaru
  6198 | D:7      | HP: 12/55 [cyclops (16)]
  6199 | D:7      | 6199 ||| READING 2 scrolls of teleportation.
  6199 | D:7      | Slain by a cyclops

Levels and vault maps discovered:
D:1:      dpeg_cavernosity, layout_basic
D:2:      layout_basic, basic_altar, uniq_crazy_yiuf_cottage, uniq_jessica,
          uniq_natasha
D:3:      layout_loops_ring, minitemple
D:4:      layout_loops_ring, kennysheep_mini_moat,
          mainiacjoe_overflow_concentric_impassable, minmay_temple_entry_trees,
          mainiacjoe_sewer_entry_somewhere_in_here_2, serial_shops,
          nicolae_shop_mannequins, serial_bayou_pond_c
D:5:      layout_basic, uniq_sigmund, uniq_prince_ribbit1
D:6:      layout_basic, nicolae_shop_vocational
D:7:      layout_loops_ring, minmay_misc_feat_five

Skill      XL: |  1  2  3  4  5  6  7  8 |
---------------+-------------------------+-----
Ranged Weapons | 5 6 7 8 9 |  9.5
Fighting       | 3 4 6 |  6.0
Armour         | 2 |  2.3
Dodging        | 2 |  2.4
Invocations    | 1 4 |  4.1
Stealth        | |  1.1

Action                     |  1- 3 |  4- 6 |  7- 9 || total
---------------------------+-------+-------+-------++-------
   Fire: Shortbow          |    79 |   184 |   301 ||   564
    Use: Scroll            |     5 |     5 |     6 ||    16
         Potion            |       |       |     1 ||     1
 Armour: Leather armour    |    10 |    53 |    94 ||   157
  Dodge: Dodged            |     6 |    32 |    60 ||    98

Table legend:
 A = Non-vault XP
 B = Vault XP
 C = Vault XP percentage of total XP
 D = Non-vault monster count
 E = Vault monster count
 F = Vault count percentage of total count
                 A         B        C        D         E       F
            +---------+---------+-------+---------+---------+-------
      Total |    1945 |     575 |  22.8 |     132 |      15 |  10.2
            +---------+---------+-------+---------+---------+-------
        D:1 |      42 |       6 |  12.5 |      23 |       4 |  14.8
        D:2 |     125 |      73 |  36.9 |      22 |       2 |   8.3
        D:3 |     113 |       0 |   0.0 |      19 |       0 |   0.0
        D:4 |     473 |      11 |   2.3 |      24 |       7 |  22.6
        D:5 |     740 |     485 |  39.6 |      22 |       2 |   8.3
        D:6 |     274 |       0 |   0.0 |      13 |       0 |   0.0
        D:7 |     178 |       0 |   0.0 |       9 |       0 |   0.0
            +---------+---------+-------+---------+---------+-------
